 Dungeon Crawl Stone Soup version 0.23-a0-171-g5ae17c6e89 (webtiles) character file.

77 Holzbalken the Cudgeler (level 4, 0/33 HPs)
             Began as a Demonspawn Gladiator on Sept 14, 2018.
             Slain by a goblin (3 damage)
             ... on level 2 of the Dungeon.
             The game lasted 00:03:51 (1516 turns).

Holzbalken the Cudgeler (Demonspawn Gladiator)      Turns: 1516, Time: 00:03:52

Health: 0/33       AC:  4    Str: 16    XL:     4   Next: 13%
Magic:  0/4        EV: 18    Int:  9    God:
Gold:   48         SH:  0    Dex: 19    Spells: 3/3 levels left

rFire    . . .     SeeInvis .   a - +0 flail
rCold    + . .     Gourm    .   (no shield)
rNeg     . . .     Faith    .   b - +0 leather armour
rPois    .         Spirit   +   c - +0 helmet
rElec    .         Reflect  .   (no cloak)
rCorr    .         Harm     .   (no gloves)
MR       .....                  (no boots)
Stlth    ++........             k - amulet of guardian spirit
HPRegen  0.11/turn              (no ring)
MPRegen  0.09/turn              (no ring)

@: agile, lethally poisoned (0 -> -5), hasted, very quick
A: hooves 1, cold resistance 1
a: no special abilities


You were on level 2 of the Dungeon.
You were not hungry.

You visited 1 branch of the dungeon, and saw 2 of its levels.

You collected 48 gold pieces.

Inventory:

Hand Weapons
 a - a +0 flail (weapon)
Missiles
 d - 3 throwing nets (quivered)
Armour
 b - a +0 leather armour (worn)
 c - a +0 helmet (worn)
Jewellery
 k - an amulet of guardian spirit (around neck)
Scrolls
 g - a scroll of remove curse {unknown}
 h - a scroll of random uselessness {unknown}
 j - a scroll of identify {unknown}
 l - a scroll of fog {unknown}
 n - a scroll of enchant armour {unknown}
Comestibles
 f - 3 rations


   Skills:
 - Level 2.0 Fighting
 + Level 4.5 Maces & Flails
 - Level 1.7 Throwing
 - Level 2.6 Dodging


You had 3 spell levels left.
You didn't know any spells.
Your spell library was empty.

Dungeon Overview and Level Annotations

Branches:
Dungeon (2/15)

Altars:


Innate Abilities, Weirdness & Mutations

You have large cloven feet.
Your flesh is cold resistant. (rC+)


Message History

It was a potion of agility.
You feel agile all of a sudden. The adder closely misses you.
The quokka closely misses you.
You sock the adder!
The adder is severely wounded.
* * * LOW HITPOINT WARNING * * *
You feel sick. The adder closely misses you. The goblin hits you.
* * * LOW HITPOINT WARNING * * *
The quokka closely misses you.
You hit the adder.
The adder is almost dead.
The adder bites you but does no damage. The goblin completely misses you.
The quokka closely misses you.
You sock the adder!
You kill the adder!
You have reached level 4!
You feel stronger.
Your demonic ancestry asserts itself...
Your feet thicken and deform.
The goblin hits you.
You die...

#........# #.# ##
#........# #.# .#
#........# #.# .#
####'#...# #.# .#
#.#...###.####### .#
#...............+ .#
#..######'#######
.#######..####.......#
.'(.(........#..@....#
)#######..##.#.gr†...#
.#... ....# ###..=.##
)#.###..#.# #....#
.(........# #....#
##.#......# #.#....
........... #.#.####
##.#.....>. .....
<#.#......# ######


You could see a quokka and a goblin.

Vanquished Creatures
  3 adders (D:2)
  3 oozes
  2 leopard geckos (D:1)
  4 bats (D:1)
  4 goblins
  4 hobgoblins
  A ball python (D:1)
  3 frilled lizards
  10 kobolds
  A rat (D:1)
35 creatures vanquished.

Notes
Turn   | Place    | Note
-------+----------+-------------------------------------------
     0 | D:1      | Holzbalken the Demonspawn Gladiator began the quest for the
                  | Orb.
     0 | D:1      | Reached XP level 1. HP: 16/16 MP: 1/1
    17 | D:1      | Reached skill level 3 in Maces & Flails
   107 | D:1      | Gained mutation: Your flesh is cold resistant. (rC+)
                  | [demonic ancestry]
   107 | D:1      | Reached XP level 2. HP: 22/22 MP: 2/2
   768 | D:1      | Reached XP level 3. HP: 27/27 MP: 3/3
  1013 | D:2      | Reached skill level 4 in Maces & Flails
  1516 | D:2      | Gained mutation: You have large cloven feet. [demonic
                  | ancestry]
  1516 | D:2      | Reached XP level 4. HP: 3/33 MP: 0/4
  1516 | D:2      | Slain by a goblin

Vault maps used:
D:1:      mushboom_english_gardens
D:2:      tso_metal_star

Skill      XL: |  1  2  3 |
---------------+----------+-----
Maces & Flails | 3 4 |  4.5
Fighting       | |  2.0
Throwing       | |  1.7
Dodging        | |  2.6

Action                   |  1- 3 |  4- 6 || total
-------------------------+-------+-------++-------
Melee: Flail             |   118 |       ||   118
  Use: Potion            |     2 |       ||     2
  Eat: Chunk             |     2 |       ||     2
Armor: Leather armour    |    54 |       ||    54
Dodge: Dodged            |   114 |       ||   114

Table legend:
 A = Non-vault XP
 B = Vault XP
 C = Vault XP percentage of total XP
 D = Non-vault monster count
 E = Vault monster count
 F = Vault count percentage of total count
                 A         B        C        D         E       F
            +---------+---------+-------+---------+---------+-------
      Total |     110 |       0 |   0.0 |      35 |       0 |   0.0
            +---------+---------+-------+---------+---------+-------
        D:1 |      47 |       0 |   0.0 |      25 |       0 |   0.0
        D:2 |      63 |       0 |   0.0 |      10 |       0 |   0.0
            +---------+---------+-------+---------+---------+-------
